 Dungeon Crawl Stone Soup version 0.16.1-7-g2c6721e (webtiles) character file.

79 valak23 the Slasher (level 4, -11/34 HPs)
             Began as a Demonspawn Gladiator on Mar 29, 2015.
             Was an Initiate of Okawaru.
             Mangled by an ogre
             ... wielding a cursed -1 giant club
              (26 damage)
             ... on level 3 of the Dungeon.
             The game lasted 00:05:58 (1598 turns).

valak23 the Slasher (Demonspawn Gladiator)          Turns: 1598, Time: 00:05:58

Health: -11/34     AC:  8    Str: 17    XL:     4   Next: 17%
Magic:  0/4        EV: 13    Int: 14    God:    Okawaru [......]
Gold:   86         SH:  0    Dex: 13    Spells: 0 memorised, 3 levels left

rFire  . . .     SeeInvis .     a - +0 long sword
rCold  . . .     Clarity  .     b - +0 leather armour
rNeg   . . .     SustAb   .     (no shield)
rPois  .         Gourm    .     c - +0 helmet
rElec  .         Spirit   +     m - +0 cloak
rCorr  .         Warding  .     (no gloves)
rMut   .         Stasis   .     (no boots)
MR     .....                    (no amulet)
Stlth  +.........               (no ring)
                                (no ring)

@: brilliant, not resistant to hostile enchantments, very unstealthy
A: slimy green scales 1, sense surroundings 1, shaggy fur 1, magic shield, no
device heal 1
a: Renounce Religion


You were on level 3 of the Dungeon.
You worshipped Okawaru.
Okawaru was noncommittal.
You were very full.

You visited 1 branch of the dungeon, and saw 3 of its levels.

You collected 86 gold pieces.

Inventory:

Hand weapons
 a - a +0 long sword (weapon)
 h - a +0 hunting sling of flaming
 n - a +0 dagger of venom
Missiles
 d - 3 throwing nets (quivered)
 j - a stone
Armour
 b - a +0 leather armour (worn)
 c - a +0 helmet (worn)
 m - a +0 cloak (worn)
Scrolls
 e - a scroll of random uselessness {unknown}
 i - 5 scrolls of identify
 k - a scroll of magic mapping {unknown}
 l - a scroll of noise {unknown}
 o - a scroll of enchant armour {unknown}
 p - a scroll of remove curse
 t - a scroll of blinking {unknown}
 u - a scroll of enchant weapon {unknown}
Comestibles
 r - a beef jerky


   Skills:
 + Level 2.4 Fighting
 * Level 3.8 Long Blades
 + Level 1.7 Throwing
 + Level 0.5 Armour
 + Level 3.2 Dodging


You had 3 spell levels left.
You didn't know any spells.

Dungeon Overview and Level Annotations

Branches:
Dungeon (3/15)

Altars:
Elyvilon
Makhleb
Nemelex Xobeh
Okawaru
Sif Muna


Innate Abilities, Weirdness & Mutations

You are partially covered in slimy green scales (AC +2).
When hurt, damage is shared between your health and your magic reserves.
You passively map a small area around you.
You are covered in fur (AC +1).
Potions and wands are less effective at restoring your health.


Message History

Drink which item? (? for menu, Esc to quit)
It was a potion of mutation.
You feel extremely strange. Fur sprouts all over your body.
Your system partially rejects artificial healing.
You feel a strange attunement to the structure of the dungeons.
A rat comes into view.
Drink which item? (? for menu, Esc to quit)
It was a potion of brilliance.
You feel clever all of a sudden.
You hit the ogre.
The ogre is lightly wounded.
The ogre hits you with a giant club.
You hit the ogre!
The ogre is heavily wounded.
The ogre hits you with a giant club!
You hit the ogre!
The ogre is severely wounded.
The ogre hits you with a giant club!!
Ouch! That really hurt!
You die...

, * , , * ... , ,
, ..#+##### , , ,
#(...... *
###+###......,,
.......#r...., * *
* #.......# ..., ,
#.......# #O# ***
, #.......###@# *
* , #...........#
, #####+#.#####
#.######## ,,
#........# * *
################.#
,,
#.............((.#
#.#############(.#
, , , , #(.#


You could see an ogre and a rat.

Vanquished Creatures
  4 gnolls (D:2)
  A worm (D:2)
  An ooze (D:1)
  6 bats
  4 goblins
  2 hobgoblins (D:1)
  6 kobolds
  2 giant geckos (D:1)
  A giant newt (D:1)
  A quokka (D:2)
  6 rats
34 creatures vanquished.

Vanquished Creatures (others)
  A giant cockroach (D:1)
1 creature vanquished.

Grand Total: 35 creatures vanquished

Notes
Turn   | Place    | Note
--------------------------------------------------------------
     0 | D:1      | valak23, the Demonspawn Gladiator, began the quest for the Orb.
     0 | D:1      | Reached XP level 1. HP: 16/16 MP: 1/1
    31 | D:1      | Found a sparkling altar of Nemelex Xobeh.
   132 | D:1      | Reached skill level 3 in Long Blades
   212 | D:1      | Gained mutation: When hurt, damage is shared between your health and your magic reserves. [demonic ancestry]
   212 | D:1      | Reached XP level 2. HP: 13/22 MP: 2/2
   838 | D:2      | Gained mutation: You are partially covered in slimy green scales (AC +2). [demonic ancestry]
   838 | D:2      | Reached XP level 3. HP: 25/27 MP: 3/3
   871 | D:2      | Found a deep blue altar of Sif Muna.
   872 | D:2      | Found a white marble altar of Elyvilon.
   875 | D:2      | Found an iron altar of Okawaru.
   881 | D:2      | Became a worshipper of Warmaster Okawaru
   969 | D:2      | Found a burning altar of Makhleb.
   969 | D:2      | Noticed a cacodemon
  1058 | D:2      | Reached XP level 4. HP: 14/34 MP: 2/4
  1593 | D:3      | Noticed an ogre
  1594 | D:3      | Gained mutation: You are covered in fur (AC +1). [potion of mutation]
  1594 | D:3      | Gained mutation: Potions and wands are less effective at restoring your health. [potion of mutation]
  1594 | D:3      | Gained mutation: You passively map a small area around you. [potion of mutation]
  1598 | D:3      | Mangled by an ogre

Action                   |  1- 3 |  4- 6 || total
-------------------------+-------+-------++-------
Melee: Long sword        |   106 |    15 ||   121
  Use: Scroll            |     2 |       ||     2
       Potion            |     4 |     3 ||     7
  Eat: Bread ration      |       |     2 ||     2
